Map: Tropical Sacrifice

Players

Harstem

  • Race: Protoss Protoss
  • League: Master
  • Spawn Location: 7:00

NightMare - Winner!

  • Race: Protoss Protoss
  • Spawn Location: 1:00

Event: HomeStory Cup XXII

VOD

Have the link to the VOD?

Description

Time

  • Played on: Dec. 15, 2022, 3:21 p.m.
  • Length: 4:08

All games in this series

Show
View Real Time Build Order
Export as new Build Order

Harstem Protoss 

Build Orders: Oracle Opening 

Get SALT Encoding   

  12  0:00  Probe  
  13  0:13  Probe  
  14  0:19  Pylon  
  14  0:27  Probe (Chrono Boost)  
  15  0:39  Probe (Chrono Boost)  
  15  0:40  Gateway  
  16  0:47  Probe (Chrono Boost)  
  16  0:49  Assimilator  
  17  0:53  Probe  
  18  0:59  Assimilator  
  18  1:05  Probe (Chrono Boost)  
  19  1:16  Pylon  
  19  1:17  Probe (Chrono Boost)  
  20  1:24  Probe (Chrono Boost)  
  21  1:30  Cybernetics Core  
  21  1:31  Probe  
  22  1:40  Zealot  
  22  1:43  Probe  
  25  1:55  Probe  
  26  2:01  Pylon  
  26  2:05  Adept (Chrono Boost)  
  26  2:06  Stargate  
  26  2:08  Probe  
  29  2:20  Shield Battery  
  29  2:22  Shield Battery  
  29  2:29  Pylon  
  28  2:32  Probe  
  29  2:57  Nexus  
  29  3:05  Oracle (Chrono Boost)  
  29  3:07  Probe  
  29  3:09  Pylon  
  32  3:27  Probe  
  32  3:33  Twilight Council  
  32  3:39  Probe  
  36  3:42  Gateway  
  36  3:51  Probe  
Show
View Real Time Build Order
Export as new Build Order

NightMare Protoss - Winner!

Build Orders: 1 Gate Expand 

Get SALT Encoding   

  12  0:00  Probe  
  13  0:12  Probe  
  14  0:19  Pylon  
  14  0:24  Probe (Chrono Boost)  
  15  0:37  Probe (Chrono Boost)  
  15  0:40  Gateway  
  16  0:45  Probe (Chrono Boost)  
  16  0:48  Assimilator  
  17  0:51  Probe  
  18  1:03  Probe  
  19  1:15  Probe  
  20  1:26  Nexus  
  20  1:35  Cybernetics Core  
  20  1:38  Probe  
  21  1:44  Pylon  
  21  1:51  Pylon  
  22  2:02  Zealot (Chrono Boost)  
  23  2:11  Shield Battery  
  22  2:17  Probe  
  22  2:21  Stalker (Chrono Boost)  
  25  2:40  Gateway  
  25  2:45  Probe (Chrono Boost)  
  26  2:57  Probe (Chrono Boost), Stalker  
  26  2:58  Probe (Chrono Boost)  
  29  3:09  Probe (Chrono Boost)  
  29  3:17  Shield Battery, Probe, Assimilator  
  29  3:19  Probe  
  31  3:27  Stalker  
  31  3:29  Probe  
  31  3:31  Probe  
  35  3:41  Twilight Council, Probe  
  35  3:43  Probe  
  37  3:53  Probe  
  38  3:55  Probe  
Tags
 
Add a new tag
Caveats
  • Supply blocks, unpowered buildings, or Contaminate may cause inaccurate times.
  • Supply counts are checked every 10 seconds.